 Dungeon Crawl Stone Soup version 0.32-a0-933-ga8fa3634e4 (webtiles) character file.

Game seed: 1405201533504737785

28 freelancePsychic the Covered (level 2, 22/22 HPs)
             Began as a Demonspawn Wanderer on Apr 14, 2024.
             Quit the game on level 2 of the Dungeon.
             The game lasted 00:01:24 (1206 turns).

freelancePsychic the Covered (Demonspawn Wanderer)  Turns: 1206, Time: 00:01:24

Health: 22/22      AC:  9    Str: 13    XL:     2   Next: 96%
Magic:  5/5        EV:  5    Int: 13    God:
Gold:   46         SH:  0    Dex: 10    Spells: 4/5 levels left

rFire   . .          .
                       - Unarmed
rCold   . . .        (no shield)
rNeg    . . .        d - +0 chain mail
rPois   .            (no helmet)
rElec   .            (no cloak)
rCorr   .            (no gloves)
SInv    .            (no boots)
Will    .....        (no amulet) Stlth
                     (no ring)
HPRegen 0.23/turn    (no ring)
MPRegen 0.09/turn

%: no passive effects
@: no status effects
A: sanguine armour 1
a: no special abilities


You were on level 2 of the Dungeon.
You visited 1 branch of the dungeon, and saw 2 of its levels.

You collected 46 gold pieces.

Inventory:

Armour
 d - a +0 chain mail (worn)
Jewellery
 h - a ring of resist corrosion
Talismans
 e - a storm talisman
Scrolls
 b - a scroll of fog
 c - a scroll of blinking
 f - a scroll of amnesia {unknown}
 g - a scroll of poison {unknown}
 i - a scroll of noise {unknown}
Potions
 a - 2 potions of curing {unknown}


   Skills:
 + Level 2.1 Fighting
 - Level 3.6 Armour
 - Level 1.0 Stealth
 * Level 1.6 Unarmed Combat
 - Level 2.0 Spellcasting
 - Level 1.1 Necromancy
 - Level 1.0 Evocations


You had 4 spell levels left.
You knew the following spells:

 Your Spells              Type           Power      Damage    Failure   Level
a - Necrotise             Necr           16%        1d4       96%         1

Your spell library contained the following spells:

 Spells                   Type           Power      Damage    Failure   Level
 Vampiric Draining        Necr           4%         2d6       100%        3


Dungeon Overview and Level Annotations

Branches:
Dungeon (2/15)

Altars:


Innate Abilities, Weirdness & Mutations

When seriously injured, your blood forms armour. (AC +0)


Message History

Found a stone staircase leading down.
g - a scroll labelled VIYRAI VENA
Found a stone staircase leading up.
There is a stone staircase leading down here.
Found a ring mail.
Found a short sword.
Found a stone staircase leading up.
No target in view!
You now have 46 gold pieces (gained 9).
Found 3 stones.
h - a ring of resist corrosion
i - a scroll labelled LEULAOD FIEHO A frilled lizard comes into view.
A frilled lizard is nearby!
A frilled lizard is nearby!
The frilled lizard bites you but does no damage.
You closely miss the frilled lizard.
The frilled lizard bites you but does no damage.
You barely miss the frilled lizard.
The frilled lizard completely misses you.
You miss the frilled lizard.
The frilled lizard bites you but does no damage.
You closely miss the frilled lizard. The frilled lizard bites you.
You closely miss the frilled lizard.
The frilled lizard bites you but does no damage.
You miss the frilled lizard. You closely miss the frilled lizard.
The frilled lizard bites you but does no damage.
You closely miss the frilled lizard.
The frilled lizard bites you but does no damage.
You hit the frilled lizard.
You kill the frilled lizard!
No target in view!
No target in view!
No target in view!
No target in view!
No target in view!
No target in view!
Okay, then.
Are you sure you want to abandon this character and quit the game? (Confirm with "yes".)

#......##..##.
#..###.##..# . .....#
#.###.##. ####..#
#........
###..#######.#.. ....#.#
#.#.. ##..#.## #....
.##.######......# ###..
.......@........######..
###.######...........#..
#......####.#..
#######....# #....
...........# #.#.#
..........## #.#.#
########.## #.#.# #.####
###.# #....# #..


There were no monsters in sight!

Vanquished Creatures
  A dart slug (D:1)
  4 bats (D:1)
  An endoplasm (D:1)
  A goblin (D:1)
  A hobgoblin (D:1)
  4 jackals (D:1)
  A quokka (D:1)
  5 ball pythons (D:1)
  5 frilled lizards
  2 rats (D:1)
25 creatures vanquished.

Notes
Turn   | Place    | Note
-------+----------+-------------------------------------------
     0 | D:1      | freelancePsychic the Demonspawn Wanderer began the quest
                  | for the Orb.
     0 | D:1      | freelancePsychic set off with the following items: a +0
                  | club, a scroll of fog, a scroll of blinking, a +0 chain
                  | mail; and the following spell memorised: Necrotise; and the
                  | following spells available to memorise: Vampiric Draining.
     0 | D:1      | Reached XP level 1. HP: 15/15 MP: 3/3
   242 | D:1      | Reached skill level 1 in Unarmed Combat
   242 | D:1      | Gained mutation: When seriously injured, your blood forms
                  | armour. (AC +0) [demonic ancestry]
   242 | D:1      | Reached XP level 2. HP: 11/21 MP: 5/5
  1206 | D:2      | Quit the game

Illustrated notes

Levels and vault maps discovered:
D:1:      sevenhm_arrival_forest_fort_large_2, layout_basic
D:2:      layout_basic, basic_altar, minmay_pentomino_q2

Skill      XL: |  1  2 |
---------------+-------+-----
Unarmed Combat | 1 |  1.6
Fighting       | 2 |  2.1
Armour         | |  3.6
Stealth        | |  1.0
Spellcasting   | |  2.0
Necromancy     | |  1.1
Evocations     | |  1.0

Action                     || total
---------------------------++-------
  Melee: Unarmed           ||   153
         Punch             ||     2
 Armour: Chain mail        ||   149
  Dodge: Dodged            ||    51

Table legend: (Time is in decaauts)
 A = Elapsed time spent in this place.
 B = Non-inter-level travel time spent in this place.
 C = Inter-level travel time spent in this place.
 D = Time resting spent in this place.
 E = Time spent auto-exploring this place.
 F = Levels seen in this place.
 G = Mean time per level.
                   A        B        C        D        E       F      G
               +--------+--------+--------+--------+--------+-----+--------+
         Total |   1203 |   1143 |     60 |     41 |    858 |   2 |  601.5 |
       Dungeon |   1203 |   1143 |     60 |     41 |    858 |   2 |  601.5 |
               +--------+--------+--------+--------+--------+-----+--------+

Top non-repeatable levels by time:
     D:1: 1042 daAuts
     D:2: 161 daAuts
